 Dungeon Crawl Stone Soup version 0.18.1-50-g88ac8fd (webtiles) character file.

455 go0n the Ducker (level 6, -2/62 HPs)
             Began as a Troll Berserker on Sept 15, 2016.
             Was a Believer of Trog.
             Slain by Crazy Yiuf
             ... wielding a +2 quarterstaff of chaos
              (12 damage)
             ... on level 3 of the Dungeon.
             The game lasted 00:10:14 (2319 turns).

go0n the Ducker (Troll Berserker)                   Turns: 2319, Time: 00:10:15

Health: -2/62      AC:  5    Str: 27    XL:     6   Next: 76%
Magic:  5/5        EV: 11    Int:  7    God:    Trog [**....]
Gold:   61         SH:  0    Dex: 10    Spells: 0 memorised, 5 levels left

rFire  . . .     SeeInvis .     h - +0 mace
rCold  . . .     Gourm    +     b - +0 animal skin
rNeg   . . .     Faith    .     (no shield)
rPois  .         Spirit   .     (helmet restricted)
rElec  .         Dismiss  .     (no cloak)
rCorr  .         Reflect  .     (gloves unavailable)
SustAt .         Harm     .     (boots unavailable)
MR     .....                    (no amulet)
Stlth  +.........               (no ring)
                                d - +4 ring of intelligence

@: very slightly contaminated, invisible, not resistant to hostile enchantments,
very unstealthy
A: unfitting armour, claws 3, fast metabolism 3, gourmand, regeneration 2,
shaggy fur 1, tough skin 2
a: Berserk, Trog's Hand, Burn Spellbooks, Renounce Religion


You were on level 3 of the Dungeon.
You worshipped Trog.
Trog was pleased with you.
You were hungry.

You visited 1 branch of the dungeon, and saw 3 of its levels.

You collected 61 gold pieces.

Inventory:

Hand Weapons
 a - a +0 mace
 h - a +0 mace (weapon)
Missiles
 e - 53 arrows
 o - 27 poisoned needles
Armour
 b - a +0 animal skin (worn)
Jewellery
 d - a +4 ring of intelligence (left claw)
Scrolls
 g - 4 scrolls of identify {unknown}
 i - a scroll of teleportation {unknown}
 l - a scroll of enchant weapon {unknown}
 p - a scroll of remove curse
 q - a scroll of amnesia {unknown}
 r - a scroll of blinking {unknown}
 s - a scroll of immolation {unknown}
 t - a scroll of random uselessness {unknown}
Potions
 k - a potion of might {unknown}
 m - a potion of brilliance {unknown}
 n - a potion of curing {unknown}
 u - a potion of flight {unknown}
Comestibles
 c - 3 bread rations
 j - a slice of pizza


   Skills:
 + Level 3.8 Fighting
 + Level 4.1 Maces & Flails
 + Level 4.6 Dodging
 + Level 0.7 Stealth


You had 5 spell levels left.
You didn't know any spells.

Dungeon Overview and Level Annotations

Branches:
Dungeon (3/15)

Altars:

Annotations:
D:3 Crazy Yiuf


Innate Abilities, Weirdness & Mutations

You are too large for most types of armour.
You have claws for hands.
Your metabolism is lightning-fast.
You like to eat raw meat.
You heal very quickly.
You are covered in fur (AC +1).
You have very tough skin (AC +2).


Message History

Crazy Yiuf freezes you.
* * * LOW HITPOINT WARNING * * *
You closely miss Crazy Yiuf.
Crazy Yiuf is almost dead.
Crazy Yiuf barely misses you.
You closely miss Crazy Yiuf.
Crazy Yiuf is almost dead.
Crazy Yiuf hits you with a quarterstaff of chaos!
* * * LOW HITPOINT WARNING * * *
You barely miss Crazy Yiuf.
Crazy Yiuf is almost dead.
Crazy Yiuf hits you with a quarterstaff of chaos.
* * * LOW HITPOINT WARNING * * *
Crazy Yiuf freezes you.
* * * LOW HITPOINT WARNING * * *
You hit Crazy Yiuf but do no damage.
Crazy Yiuf is almost dead.
Crazy Yiuf barely misses you.
Crazy Yiuf hits you with a quarterstaff of chaos!
You die...

#####
************
#### #)..#
*,,,,,,,,,,,
...######
#...#
*,,,********
...##...#
*...* *,,,*
...##...#
*#g#* *,,,*
...##...####
#@##
*,,,********
...........#
##.#
*,,,,,,,,,>,
...##......#
#.##
*,,,,,,,,,,,
...##.....##
##.#
**********,*
.#######..#
##.## *,*
.#* ###..##
##...# *,,
..* #<....#
#....# ***
#.* ###..##
#+..'# #.#*
#..#
#....####


You could see Crazy Yiuf.

Vanquished Creatures
  Grinder (D:3)
  The ghost of kraktruk the Ruffian, an amateur DrMo (D:3)
  A centaur (D:3)
  4 adders
  A giant gecko (D:2)
  6 orcs (D:3)
  7 bats
  4 giant cockroaches
  11 goblins
  4 hobgoblins
  9 kobolds
  2 quokkas
  2 giant newts
  4 rats
57 creatures vanquished.

Notes
Turn   | Place    | Note
--------------------------------------------------------------
     0 | D:1      | go0n the Troll Berserker began the quest for the Orb.
     0 | D:1      | Reached XP level 1. HP: 22/22 MP: 0/0
   254 | D:1      | Reached XP level 2. HP: 28/29 MP: 1/1
   677 | D:2      | Reached ** piety under Trog
   736 | D:2      | Reached XP level 3. HP: 34/36 MP: 2/2
  1572 | D:3      | Reached XP level 4. HP: 41/44 MP: 3/3
  1748 | D:3      | Noticed kraktruk's ghost (amateur DrMo)
  1751 | D:3      | Noticed Grinder
  1780 | D:3      | Killed kraktruk's ghost
  1780 | D:3      | Reached XP level 5. HP: 22/53 MP: 4/4
  1821 | D:3      | Killed Grinder
  1821 | D:3      | Reached XP level 6. HP: 27/62 MP: 5/5
  2304 | D:3      | Noticed Crazy Yiuf
  2319 | D:3      | Slain by Crazy Yiuf

Skill      XL: |  1  2  3  4  5 |
---------------+----------------+-----
Dodging        | 3 4 |  4.6
Maces & Flails | 3 4 |  4.1
Fighting       | 3 |  3.8
Stealth        | |  0.7

Action                   |  1- 3 |  4- 6 || total
-------------------------+-------+-------++-------
Melee: Mace              |    96 |   115 ||   211
Invok: Trog's Hand       |       |     1 ||     1
  Use: Scroll            |     3 |     1 ||     4
       Potion            |       |     1 ||     1
 Stab: Invisible         |       |     1 ||     1
       Sleeping          |       |     1 ||     1
  Eat: Chunk             |     9 |     5 ||    14
       Pizza             |     1 |       ||     1
       Beef jerky        |       |     2 ||     2
Armor: Animal skin       |    52 |    38 ||    90
Dodge: Dodged            |    72 |    77 ||   149
